 Dungeon Crawl Stone Soup version 0.30-a0-462-gd5975efbca (webtiles) character file.

Game seed: 6924495178039671604

249 bobo the Magician (level 5, -1/28 HPs)
             Began as a Deep Elf Fire Elementalist on Dec 17, 2022.
             Killed by divine providence
             ... invoked by an orc priest
              (17 damage)
             ... on level 5 of the Dungeon.
             The game lasted 00:08:58 (4582 turns).

bobo the Magician (Deep Elf Fire Elementalist)      Turns: 4582, Time: 00:08:59

Health: -1/28      AC:  5    Str:  5    XL:     5   Next: 87%
Magic:  10/14      EV: 11    Int: 20    God:
Gold:   89         SH:  0    Dex: 15    Spells: 2/14 levels left

rFire   . . .      SeeInvis .    v - +1 whip (elec)
rCold   . . .      Faith    .    (no shield)
rNeg    + . .      Spirit   .    l - +1 leather armour of Inquiry {+Blink rElec rCorr Int-2}
rPois   .          Reflect  .    (no helmet)
rElec   +          Harm     .    (no cloak)
rCorr   +          Rampage  .    m - +0 pair of gloves
Will    .....                    (no boots)
Stlth   ++........               (no amulet)
HPRegen 0.24/turn                i - ring of positive energy
MPRegen 0.14/turn                (no ring)

@: no status effects
A: no striking features
a: Evoke Blink


You were on level 5 of the Dungeon.
You visited 2 branches of the dungeon, and saw 6 of its levels.

You collected 89 gold pieces.

Inventory:

Hand Weapons
 v - a +1 whip of electrocution (weapon)
Armour
 l - the +1 leather armour of Inquiry (worn) {+Blink rElec rCorr Int-2}
   (You took it off a goblin on level 2 of the Dungeon)

   Int:       It affects your intelligence (-2).
   rElec:     It insulates you from electricity.
   +Blink:    It lets you blink.
   rCorr:     It protects you from acid and corrosion.
 m - a +0 pair of gloves (worn)
Jewellery
 i - a ring of positive energy (left hand)
Wands
 a - a wand of acid (10)
 x - a wand of roots (5)
Scrolls
 d - 3 scrolls of vulnerability {unknown}
 f - 2 scrolls of fear {unknown}
 n - a scroll of teleportation {unknown}
 p - 3 scrolls of identify {unknown}
 r - a scroll of blinking {unknown}
 u - a scroll of enchant weapon {unknown}
Potions
 b - a potion of magic
 c - a potion of cancellation {unknown}
 e - 2 potions of heal wounds {unknown}
 g - 2 potions of curing {unknown}
 h - 2 potions of haste {unknown}
 j - 2 potions of ambrosia {unknown}
 k - a potion of invisibility {unknown}
 o - a potion of flight {unknown}
 q - a potion of brilliance {unknown}
 s - 4 potions of attraction {unknown}
 t - a potion of berserk rage {unknown}
 w - a potion of lignification {unknown}


   Skills:
 - Level 2.4 Dodging
 - Level 2.4 Stealth
 + Level 5.1 Spellcasting
 - Level 3.0 Conjurations
 - Level 3.8 Fire Magic
 + Level 2.3 Air Magic
 + Level 2.6 Poison Magic


You had 2 spell levels left.
You knew the following spells:

 Your Spells              Type           Power      Damage    Failure   Level
a - Foxfire               Conj/Fire      72%        2x1d7     4%          1
b - Scorch                Fire           40%        2d7       6%          2
c - Poisonous Vapours     Pois/Air       30%        N/A       11%         2
d - Olgreb's Toxic Radia  Pois           15%        N/A       54%         4
e - Kindle Blastsparks    Fire/Tloc/Air  26%        2d12      26%         3

Your spell library contained the following spells:

 Spells                   Type           Power      Damage    Failure   Level
 Sting                    Tmut/Pois      40%        1d5       11%         1
 Inner Flame              Hex/Fire       12%        N/A       26%         3
 Flame Wave               Conj/Fire      18%        2d7       43%         4


Dungeon Overview and Level Annotations

Branches:
Dungeon (5/15)             Temple (1/1) D:4

Altars:
Ashenzari
Fedhas
Hepliaklqana
Kikubaaqudgha
Makhleb
Okawaru
Ru
Sif Muna
Trog
Uskayaw
Wu Jian
Xom
The Shining One

Shops:
D:3 (


Message History

The orc is lightly wounded.
The foxfire hits the orc.
The orc is heavily wounded.
You conjure some foxfire!
The foxfire hits the orc.
You kill the orc!
Your foxfire dissipates! x3
Magic restored.
An orc comes into view. It is wielding a +0 club.
The orc shouts!
The orc moves out of view.
You conjure some foxfire!
You conjure some foxfire!
The foxfire hits the orc.
The orc is heavily wounded.
The foxfire hits the orc.
The orc is severely wounded.
Casting: Foxfire (safe; 4% risk of failure)
Confirm with . or Enter, or press ? or * to list all spells.
Flames lash the orc.
You kill the orc!
You hear a shout!
An orc comes into view. It is wielding a +0 short sword.
You conjure some foxfire!
Your foxfire dissipates!
You conjure some foxfire!
The foxfire hits the orc.
The orc is heavily wounded.
Casting: Foxfire (safe; 4% risk of failure)
Confirm with . or Enter, or press ? or * to list all spells.
You conjure some foxfire!
The foxfire hits the orc!
You kill the orc!
p - 3 scrolls labelled KEISCH ECAN (gained 1)
Your foxfire dissipates!
An orc priest comes into view. It is wielding a +0 flail.
The orc priest calls down the wrath of Beogh upon you.
Beogh smites you!
Ouch! That really hurt!
The orc priest casts a cantrip, but nothing happens.
The orc priest mumbles some strange prayers to Beogh against you.
Beogh smites you!
Ouch! That really hurt!
You die...

..# .... .
#######.#..#.#. .
#.....#.# .#:..#.
##.###.#.# .......
#..#...#.###.....#
#<.....#.##... ...
#@##.#.#.###.###.#
#....#+#.##......)
#.##.......###.....#
#.........o.........
###........##.#...#)
#.........#..###.#.#.
###....##.##.# ##....
#....##+# +# ##...
#....# #...


You could see an orc priest.

Vanquished Creatures
  A black bear (D:3)
  An orc priest (D:4)
  Terence (D:3)
  3 adders
  A worm (D:2)
  A dart slug (D:1)
  14 orcs
  3 endoplasms
  3 giant cockroaches
  8 goblins
  5 hobgoblins
  2 kobolds (D:3)
  5 ball pythons
  6 bats (D:3)
  A frilled lizard (D:1)
  2 rats
57 creatures vanquished.

Vanquished Creatures (others)
  177 foxfires
177 creatures vanquished.

Grand Total: 234 creatures vanquished

Notes
Turn   | Place    | Note
-------+----------+-------------------------------------------
     0 | D:1      | bobo the Deep Elf Fire Elementalist began the quest for the
                  | Orb.
     0 | D:1      | Reached XP level 1. HP: 10/10 MP: 6/6
   270 | D:1      | Reached XP level 2. HP: 15/15 MP: 5/8
   273 | D:1      | Learned a level 2 spell: Scorch
  1030 | D:2      | Identified the +1 leather armour of Inquiry {+Blink rElec
                  | rCorr Int-2}
  1281 | D:2      | Reached XP level 3. HP: 19/19 MP: 5/10
  1284 | D:2      | Learned a level 2 spell: Poisonous Vapours
  1787 | D:3      | Found Noson's Antique Weapon Shoppe.
  2177 | D:3      | Found a faded altar of an unknown god.
  2193 | D:3      | Noticed a black bear
  2198 | D:3      | Killed a black bear
  2199 | D:3      | Reached skill level 4 in Spellcasting
  2199 | D:3      | Reached skill level 1 in Air Magic
  2199 | D:3      | Reached skill level 1 in Poison Magic
  2199 | D:3      | Reached XP level 4. HP: 24/24 MP: 3/12
  2199 | D:3      | Reached XP level 5. HP: 28/28 MP: 3/13
  2204 | D:3      | Learned a level 4 spell: Olgreb's Toxic Radiance
  2586 | D:3      | Noticed Terence
  2592 | D:3      | Learned a level 3 spell: Kindle Blastsparks
  2655 | D:3      | Killed Terence
  3410 | D:4      | Reached skill level 5 in Spellcasting
  3506 | D:4      | Found a staircase to the Ecumenical Temple.
  3516 | Temple   | Entered the Ecumenical Temple
  4483 | D:5      | Entered Level 5 of the Dungeon
  4582 | D:5      | Killed from afar by an orc priest

Illustrated notes

Levels and vault maps discovered:
D:1:      dpeg_arrival_snail, layout_basic
D:2:      layout_loops_ring
D:3:      layout_basic, serial_shops, nicolae_shop_stone,
          basic_ecumenical_altar, guppyfry_early_lair_pool, uniq_terence
D:4:      layout_basic, minmay_temple_entry_glass, serial_glass,
          glass_columns_b, glass_columns_c, glass_columns_a, glass_columns_c,
          glass_columns_a, skrybe_limestone_x
D:5:      nicolae_cairo_tiling_large_dashed, layout_basic, minitemple
Temple:   hellmonk_temple_forest_ring

Skill      XL: |  1  2  3  4  5 |
---------------+----------------+-----
Conjurations   | 2 3 |  3.0
Spellcasting   | 4 5 |  5.1
Air Magic      | 1 2 |  2.3
Poison Magic   | 1 2 |  2.6
Dodging        | |  2.4
Stealth        | |  2.4
Fire Magic     | |  3.8

Action                   |  1- 3 |  4- 6 || total
-------------------------+-------+-------++-------
 Cast: Foxfire           |    47 |    65 ||   112
       Scorch            |    19 |    16 ||    35
       Poisonous Vapours |       |     1 ||     1
Armor: Leather armour    |     1 |     1 ||     2
Dodge: Dodged            |     4 |     1 ||     5

Table legend: (Time is in decaauts)
 A = Elapsed time spent in this place.
 B = Non-inter-level travel time spent in this place.
 C = Inter-level travel time spent in this place.
 D = Time resting spent in this place.
 E = Time spent auto-exploring this place.
 F = Levels seen in this place.
 G = Mean time per level.
                   A        B        C        D        E       F      G
               +--------+--------+--------+--------+--------+-----+--------+
         Total |   4583 |   4507 |     76 |      0 |   4007 |   6 |  763.8 |
       Dungeon |   4391 |   4328 |     63 |      0 |   3839 |   5 |  878.2 |
        Temple |    191 |    178 |     13 |      0 |    168 |   1 |  191.0 |
               +--------+--------+--------+--------+--------+-----+--------+

Top non-repeatable levels by time:
     D:3: 1382 daAuts
     D:4: 1125 daAuts
     D:2: 936 daAuts
     D:1: 849 daAuts
  Temple: 191 daAuts
     D:5: 98 daAuts
